AoeStats
← Super Kaute

Arabia

504231652Analyzed
2v2 RM · 29d ago on Sep 4, 2026· 56m 4s· 4 players
Game mode
Random Map
Map size
Medium (4 player)
Population
200
Speed
Normal
Resources
Standard
Victory
Conquest
Starting age
Dark Age
Ending age
Imperial Age
RankedLock teamsTeams togetherTeam positionsShared explorationLock speedFull tech treeHidden civsTurbo modeCheats
Victory
Defeat
🇺🇸 Tatars · United States
954
+16
🇧🇴 Malians · Bolivia
939
+16
🇨🇱 Khmer · Chile
950
-16
🇨🇱 Spanish · Chile
938
-16
Spar27
6:41 Loom
9:37 Feudal Age
11:07 Double-Bit Axe
12:46 Man-at-Arms
14:38 Forging
15:19 Horse Collar
23:30 Castle Age
22:05 Fletching
25:44 Wheelbarrow
25:39 Bodkin Arrow
27:02 Ballistics
28:15 Gold Mining
28:46 Padded Archer Armor
32:32 Hand Cart
41:03 Imperial Age
39:21 Bloodlines
43:23 Chemistry
42:15 Heavy Camel Rider
45:20 Elite Skirmisher
50:31 Scale Barding Armor
51:02 Iron Casting
Super Kaute
8:20 Loom
10:47 Feudal Age
11:20 Double-Bit Axe
11:56 Horse Collar
20:53 Castle Age
20:00 Gold Mining
19:43 Man-at-Arms
20:48 Arson
22:05 Bow Saw
22:01 Heavy Plow
21:35 Long Swordsman
22:20 Scale Mail Armor
22:32 Squires
23:57 Wheelbarrow
28:05 Pikeman
47:27 Imperial Age
47:18 Hand Cart
47:30 Chain Mail Armor
47:25 Forging
50:36 Two-Handed Swordsman
52:37 Crop Rotation
52:23 Tigui
52:33 Capped Ram
54:35 Champion
kito
7:55 Loom
10:02 Feudal Age
11:08 Double-Bit Axe
14:54 Horse Collar
19:12 Gold Mining
21:50 Castle Age
20:13 Scale Barding Armor
23:39 Bloodlines
23:30 Husbandry
23:04 Light Cavalry
24:18 Bow Saw
26:33 Stone Mining
26:47 Heavy Plow
35:20 Wheelbarrow
36:40 Padded Archer Armor
36:30 Fletching
37:01 Chain Barding Armor
36:51 Forging
38:38 Ballistics
38:17 Murder Holes
42:43 Hand Cart
43:44 Leather Archer Armor
43:25 Bodkin Arrow
47:02 Imperial Age
47:44 Hussar
49:08 Elite Conquistador
50:45 Guilds
55:09 Bracer
55:39 Ring Archer Armor
55:10 Scale Mail Armor
55:45 Iron Casting
MONITOENLATA
11:14 Feudal Age
12:15 Loom
17:47 Man-at-Arms
23:29 Castle Age
22:44 Horse Collar
22:54 Double-Bit Axe
23:04 Gold Mining
23:05 Stone Mining
23:27 Scale Barding Armor
24:34 Bloodlines
24:58 Husbandry
29:20 Gold Shaft Mining
29:21 Stone Shaft Mining
28:59 Bow Saw
31:40 Heavy Plow
Connection lost

Rejoining the realm…

Still unreachable

The connection could not be restored.

Session expired

The server has moved on; the page needs a fresh start.